 Dungeon Crawl Stone Soup version 0.31-a0-986-g5e6e4ef867 (webtiles) character file.

Game seed: 16820777832906848886

876 mattiecakes the Covered (level 8, -7/51 HPs)
             Began as a Gargoyle Fighter on Nov 14, 2023.
             Was an Initiate of Qazlal.
             Mangled by an ogre
             ... wielding a +0 giant club
              (24 damage)
             ... on level 5 of the Dungeon.
             The game lasted 00:09:42 (3545 turns).

mattiecakes the Covered (Gargoyle Fighter)          Turns: 3545, Time: 00:09:43

Health: -7/51      AC: 17    Str: 25    XL:     8   Next: 4%
Magic:  8/8        EV:  8    Int:  9    God:    Qazlal [......]
Gold:   270        SH:  5    Dex: 13    Spells: 7/7 levels left

rFire   . . .        a - +0 war axe
rCold   . . .        c - +0 buckler
rNeg    + . .        z - +0 chain mail
rPois   ∞            (no helmet)
rElec   +            (no cloak)
rCorr   .            q - +1 pair of gloves
SInv    .            (no boots)
Will    .....        x - amulet of Equivalence {Regen+ Str+3 Dex+4} Stlth
                     k - +4 ring of slaying
HPRegen 1.08/turn    (no ring)
MPRegen 0.11/turn

%: no passive effects
@: no status effects
A: sickness immunity, AC +5, negative energy resistance 1, electricity
resistance, torment resistance 1, petrification resistance
a: Renounce Religion


You were on level 5 of the Dungeon.
You worshipped Qazlal.
Qazlal was noncommittal.
You visited 2 branches of the dungeon, and saw 6 of its levels.

You collected 270 gold pieces.

Inventory:

Hand Weapons
 a - a +0 war axe (weapon)
Armour
 c - a +0 buckler (worn)
 q - a +1 pair of gloves (worn)
 z - a +0 chain mail (worn)
Jewellery
 k - a +4 ring of slaying (left hand)
 x - the amulet of Equivalence (around neck) {Regen+ Str+3 Dex+4}
   (You found it on level 4 of the Dungeon)

   [amulet of regeneration]

   Str+3:     It affects your strength (+3).
   Dex+4:     It affects your dexterity (+4).
   Regen+:    It increases your rate of health regeneration.
Scrolls
 b - a scroll of summoning {unknown}
 d - a scroll of revelation {unknown}
 g - 2 scrolls of brand weapon {unknown}
 i - 2 scrolls of immolation
 m - a scroll of vulnerability {unknown}
 o - a scroll of enchant weapon {unknown}
 p - a scroll of blinking {unknown}
 r - 2 scrolls of enchant armour
 s - 2 scrolls of teleportation {unknown}
 v - a scroll of fog {unknown}
 y - 2 scrolls of amnesia {unknown}
 A - a scroll of identify
Potions
 e - a potion of enlightenment {unknown}
 f - 2 potions of heal wounds {unknown}
 h - 2 potions of haste
 j - 4 potions of curing
 l - a potion of attraction {unknown}
 n - 2 potions of mutation {unknown}
 t - 3 potions of degeneration {unknown}
 u - a potion of might
 w - a potion of lignification {unknown}


   Skills:
 + Level 5.7 Fighting
 + Level 4.2 Axes
 + Level 5.7 Armour
 + Level 5.7 Shields
 + Level 1.2 Invocations


You had 7 spell levels left.
You didn't know any spells.
Your spell library contained the following spells:

 Spells                   Type           Power      Damage    Failure   Level
 Apportation              Tloc           0%         N/A       93%         1
 Freeze                   Ice            0%         1d3       93%         1
 Necrotise                Necr           0%         1d4       93%         1
 Summon Small Mammal      Summ           0%         N/A       93%         1
 Frozen Ramparts          Ice            0%         1d1       100%        3
 Hailstorm                Conj/Ice       0%         3d3       100%        3
 Volatile Blastmotes      Fire/Tloc      0%         2d10      100%        3
 Fulminant Prism          Conj/Hex       0%         3d5       100%        4
 Iskenderun's Mystic Bla  Conj/Tloc      0%         2d3       100%        4


Dungeon Overview and Level Annotations

Branches:
Dungeon (5/15)             Temple (1/1) D:5

Altars:
Ashenzari
Cheibriados
Dithmenos
Elyvilon
Fedhas
Gozag
Hepliaklqana
Kikubaaqudgha
Makhleb
Nemelex Xobeh
Okawaru
Qazlal
Ru
Sif Muna
Uskayaw
Vehumet
Wu Jian
Xom
Zin
The Shining One

Shops:
D:1 [


Innate Abilities, Weirdness & Mutations

You are immune to sickness and miasma.
Your stone body is resilient. (AC +5)
You are immune to poison.
You resist negative energy. (rN+)
You are resistant to electric shocks. (rElec)
You are resistant to unholy torment.
You are immune to petrification.


Message History

Found a stone staircase leading down.
There is a stone staircase leading down here.
As you open the door, it creaks loudly!
There is an open door here.
Found a stone staircase leading up.
You now have 259 gold pieces (gained 18).
There is a stone staircase leading up here.
There is a stone staircase leading up here.
There is an open door here.
As you open the door, it creaks loudly!
There is an open door here.
You now have 270 gold pieces (gained 11).
You open the door.
An ogre comes into view. It is wielding a +0 giant club.
The ogre shouts!
There is an open door here.
An ogre is nearby!
An ogre is nearby!
You slash the ogre!
The ogre is moderately wounded.
The ogre hits you with a +0 giant club!!
You hit the ogre.
The ogre is heavily wounded.
You block the ogre's attack.
You hit the ogre.
The ogre is heavily wounded.
The ogre barely misses you.
You barely miss the ogre.
The ogre is heavily wounded.
The ogre barely misses you.
You hit the ogre.
The ogre is heavily wounded.
The ogre hits you with a +0 giant club!!
* * * LOW HITPOINT WARNING * * *
You are too injured to fight recklessly!
Unknown command.
You closely miss the ogre.
The ogre is heavily wounded.
The ogre hits you with a +0 giant club!!
You die...

##### #...# #...# #...#
#...# #.O.# ###
####..@##############..
....
....'...'............'..
.....
#####...##############..
..... ......##.......# #..
........ ...... #.......#
#..
................##.......#
#..
................##.......#
#..
................##.......#
#..
................##.......#
#..


You could see an ogre.

Vanquished Creatures
  3 ogres
  A phantom (D:5)
  A scorpion (D:4)
  A hound (D:5)
  A jelly (D:4)
  A sleepcap (D:3)
  A gnoll bouda (D:5)
  3 iguanas
  An orc wizard (D:4)
  10 gnolls
  8 adders
  2 worms
  4 dart slugs
  11 orcs
  5 bats
  8 endoplasms
  3 giant cockroaches
  5 goblins
  5 hobgoblins
  3 jackals (D:4)
  7 kobolds
  5 ball pythons
  12 frilled lizards
  9 rats
110 creatures vanquished.

Notes
Turn   | Place    | Note
-------+----------+-------------------------------------------
     0 | D:1      | mattiecakes the Gargoyle Fighter began the quest for the
                  | Orb.
     0 | D:1      | Reached XP level 1. HP: 14/14 MP: 1/1
    58 | D:1      | Reached XP level 2. HP: 19/19 MP: 2/2
   147 | D:1      | Reached XP level 3. HP: 13/23 MP: 3/3
   196 | D:1      | Found Vefoapt's Antique Armour Emporium.
   502 | D:1      | Found a faded altar of an unknown god.
   699 | D:2      | Noticed an ogre
   706 | D:2      | Killed an ogre
   707 | D:2      | Reached XP level 4. HP: 29/29 MP: 4/4
   707 | D:2      | Reached XP level 5. HP: 33/33 MP: 5/5
   879 | D:2      | Identified the +3 leather armour of Integrity {+Blink}
  1664 | D:3      | Reached XP level 6. HP: 35/39 MP: 6/6
  2524 | D:4      | Reached skill level 5 in Shields
  2695 | D:4      | Identified the amulet of Equivalence {Regen+ Str+3 Dex+4}
  2810 | D:4      | Reached skill level 5 in Fighting
  2810 | D:4      | Reached skill level 5 in Armour
  2810 | D:4      | Reached XP level 7. HP: 41/44 MP: 7/7
  3088 | D:5      | Entered Level 5 of the Dungeon
  3153 | D:5      | Found a staircase to the Ecumenical Temple.
  3205 | Temple   | Entered the Ecumenical Temple
  3294 | Temple   | Became a worshipper of Qazlal Stormbringer
  3350 | D:5      | Reached skill level 1 in Invocations
  3358 | D:5      | Reached XP level 8. HP: 51/51 MP: 8/8
  3545 | D:5      | Mangled by an ogre

Illustrated notes

Levels and vault maps discovered:
D:1:      minmay_arrival_glassed_features, layout_rooms,
          chequers_ecumenical_altar_grove, serial_shops, shop,
          minmay_tiny_reverse_x
D:2:      layout_basic, minmay_mini_jars
D:3:      layout_loops_ring, nicolae_twisty_statue_hallways
D:4:      layout_gridville, minmay_lizard_king
D:5:      layout_basic, minmay_temple_entry_ruins
Temple:   nicolae_temple_bog_church

Skill      XL: |  1  2  3  4  5  6  7 |
---------------+----------------------+-----
Axes           | 2 3 4 |  4.2
Fighting       | 4 5 |  5.7
Armour         | 4 5 |  5.7
Shields        | 4 5 |  5.7
Invocations    | 1 |  1.2

Action                     |  1- 3 |  4- 6 |  7- 9 || total
---------------------------+-------+-------+-------++-------
  Melee: War axe           |    65 |   126 |    62 ||   253
    Use: Potion            |     1 |       |       ||     1
         Scroll            |       |       |     4 ||     4
 Armour: Scale mail        |    50 |    86 |     8 ||   144
         Chain mail        |       |       |    52 ||    52
  Dodge: Dodged            |    40 |    70 |    34 ||   144
  Block: Buckler           |    16 |    28 |    21 ||    65

Table legend: (Time is in decaauts)
 A = Elapsed time spent in this place.
 B = Non-inter-level travel time spent in this place.
 C = Inter-level travel time spent in this place.
 D = Time resting spent in this place.
 E = Time spent auto-exploring this place.
 F = Levels seen in this place.
 G = Mean time per level.
                   A        B        C        D        E       F      G
               +--------+--------+--------+--------+--------+-----+--------+
         Total |   3641 |   3394 |    247 |     33 |   2553 |   6 |  606.8 |
       Dungeon |   3530 |   3333 |    197 |     33 |   2553 |   5 |  706.0 |
        Temple |    110 |     60 |     50 |      0 |      0 |   1 |  110.0 |
               +--------+--------+--------+--------+--------+-----+--------+

Top non-repeatable levels by time:
     D:4: 1024 daAuts
     D:2: 987 daAuts
     D:1: 583 daAuts
     D:3: 571 daAuts
     D:5: 364 daAuts
  Temple: 110 daAuts
